| TOP OF THE 1ST |
|
Amarillo ThunderHeads batting - Pitching for Victoria Capitals : RHP Jae-chun Jung
|
|
Pitching: RHP Jae-chun Jung
|
|
|
Batting: LHB Carlos Guajardo
|
0-0: Called Strike 0-1: Ball 1-1: Swinging Strike 1-2: Ball 2-2: Ball 3-2: Base on Balls
|
|
Batting: LHB Mike Gruszewski
|
0-0: Ball 1-0: Ball 2-0: Ball 3-0: Called Strike 3-1: Fielders Choice at 2nd, 4-6 (Groundball, 4, EV 101.9 MPH)
|
|
Batting: RHB Bill Flannery
|
0-0: Fielders Choice at 2nd, 3-6 (Groundball, 23, EV 76.9 MPH)
|
|
Batting: LHB Thie Hofmann
|
0-0: Called Strike 0-1: Called Strike 0-2: Strikes out swinging
|
| Top of the 1st over - 0 runs, 0 hits, 0 errors, 1 left on base; Amarillo 0 - Victoria 0 |
| BOTTOM OF THE 1ST |
|
Victoria Capitals batting - Pitching for Amarillo ThunderHeads : RHP Shane Ford
|
|
Pitching: RHP Shane Ford
|
|
|
Batting: RHB Nick Ellis
|
0-0: Ball 1-0: Foul Ball, location: 2F 1-1: Swinging Strike 1-2: SOLO HOME RUN (Flyball, 7D, EV 98.1 MPH), Distance : 391 ft
|
|
Batting: RHB Antonio Arechiga
|
0-0: Foul Ball, location: 2F 0-1: Ball 1-1: Reached on error, E5 (Groundball, 56, EV 93.8 MPH)
|
|
Batting: RHB Caleb Dean
|
0-0: Ball 1-0: Foul Ball, location: 2F 1-1: Ground out 4-3 (Groundball, 4M, EV 100.0 MPH) Antonio Arechiga to third
|
|
Batting: LHB Willard Balcome
|
0-0: Called Strike 0-1: Ball 1-1: Swinging Strike 1-2: Ball 2-2: Strikes out swinging
|
|
Batting: SHB Rich Roberts
|
0-0: Called Strike 0-1: Foul Ball, location: 2F 0-2: Ball 1-2: Foul Ball, location: 2F 1-2: Ball 2-2: Ground out 5-3 (Groundball, 56S, EV 70.6 MPH)
|
| Bottom of the 1st over - 1 run, 1 hit, 1 error, 1 left on base; Amarillo 0 - Victoria 1 |
| TOP OF THE 2ND |
|
Amarillo ThunderHeads batting - Pitching for Victoria Capitals : RHP Jae-chun Jung
|
|
Batting: RHB Shi-fu Cuan
|
0-0: Ball 1-0: Foul Ball, location: 2F 1-1: Foul Ball, location: 2F 1-2: Ball 2-2: Ball 3-2: Base on Balls
|
|
Batting: RHB Jorge Balderama
|
0-0: Ball 1-0: SINGLE (Line Drive, 8RS, EV 91.9 MPH) Shi-fu Cuan to second
|
|
Batting: LHB Bill Mahoney
|
0-0: Called Strike 0-1: Swinging Strike 0-2: Foul Ball, location: 2F 0-2: Ball 1-2: Foul Ball, location: 2F 1-2: Ball 2-2: Strikes out swinging
|
|
Batting: RHB Eddie Vanderjagt
|
0-0: Ball 1-0: SINGLE (Line Drive, 9S, EV 103.8 MPH) Shi-fu Cuan to third Jorge Balderama to second
|
|
Batting: RHB Dennis Underwood
|
0-0: Ball 1-0: Foul Ball, location: 2F 1-1: Called Strike 1-2: Foul Ball, location: 2F 1-2: Foul Ball, location: 2F 1-2: Strikes out looking
|
|
Batting: LHB Carlos Guajardo
|
0-0: Ball 1-0: Ball 2-0: Foul Ball, location: 2F 2-1: Ball 3-1: Fly out, F8 (Flyball, 89M, EV 72.5 MPH)
|
| Top of the 2nd over - 0 runs, 2 hits, 0 errors, 3 left on base; Amarillo 0 - Victoria 1 |
| BOTTOM OF THE 2ND |
|
Victoria Capitals batting - Pitching for Amarillo ThunderHeads : RHP Shane Ford
|
|
Batting: RHB Ron Mack
|
0-0: Ball 1-0: Called Strike 1-1: Called Strike 1-2: Strikes out swinging
|
|
Batting: LHB Jason Cary
|
0-0: Called Strike 0-1: Foul Ball, location: 2F 0-2: Ball 1-2: Ball 2-2: Strikes out looking
|
|
Batting: RHB Hyeon-cheong Lee
|
0-0: Ball 1-0: Ball 2-0: Swinging Strike 2-1: Called Strike 2-2: Ball 3-2: Foul Ball, location: 2F 3-2: Base on Balls
|
|
Batting: RHB Ray Wathey
|
0-0: Ball 1-0: Ground out 5-3 (Groundball, 5S, EV 68.1 MPH)
|
| Bottom of the 2nd over - 0 runs, 0 hits, 0 errors, 1 left on base; Amarillo 0 - Victoria 1 |
| TOP OF THE 3RD |
|
Amarillo ThunderHeads batting - Pitching for Victoria Capitals : RHP Jae-chun Jung
|
|
Batting: LHB Mike Gruszewski
|
0-0: SINGLE (Groundball, 4D, EV 108.8 MPH)
|
|
Batting: RHB Bill Flannery
|
0-0: Foul Ball, location: 2F 0-1: Fielders Choice at 2nd, 1-6 (Groundball, 13S, EV 75.0 MPH)
|
|
Batting: LHB Thie Hofmann
|
0-0: Ball 1-0: Foul Ball, location: 2F 1-1: Fly out, F7 (Flyball, 78D, EV 103.8 MPH)
|
|
Batting: RHB Shi-fu Cuan
|
0-0: Ball 1-0: Ball 2-0: Foul Ball, location: 2F 2-1: Foul Ball, location: 2F 2-2: Strikes out looking
|
| Top of the 3rd over - 0 runs, 1 hit, 0 errors, 1 left on base; Amarillo 0 - Victoria 1 |
| BOTTOM OF THE 3RD |
|
Victoria Capitals batting - Pitching for Amarillo ThunderHeads : RHP Shane Ford
|
|
Batting: RHB Nick Ellis
|
0-0: Ball 1-0: Ball 2-0: Called Strike 2-1: Called Strike 2-2: Strikes out swinging
|
|
Batting: RHB Antonio Arechiga
|
0-0: Swinging Strike 0-1: Ball 1-1: Ball 2-1: Foul Ball, location: 2F 2-2: Strikes out swinging
|
|
Batting: RHB Caleb Dean
|
0-0: Ball 1-0: Ball 2-0: Called Strike 2-1: Foul Ball, location: 2F 2-2: Ball 3-2: Foul Ball, location: 2F 3-2: SINGLE (Line Drive, 7S, EV 93.8 MPH)
|
|
Batting: LHB Willard Balcome
|
0-0: Called Strike 0-1: Reached on error, E6 (Groundball, 6, EV 85.0 MPH) Caleb Dean to second
|
|
Batting: SHB Rich Roberts
|
0-0: Called Strike 0-1: Ball 1-1: Swinging Strike 1-2: Ball 2-2: Ground out 6-3 (Groundball, 6MD, EV 110.0 MPH)
|
| Bottom of the 3rd over - 0 runs, 1 hit, 1 error, 2 left on base; Amarillo 0 - Victoria 1 |
| TOP OF THE 4TH |
|
Amarillo ThunderHeads batting - Pitching for Victoria Capitals : RHP Jae-chun Jung
|
|
Batting: RHB Jorge Balderama
|
0-0: Ball 1-0: Called Strike 1-1: Foul Ball, location: 2F 1-2: Ball 2-2: DOUBLE (Flyball, 78D, EV 98.1 MPH)
|
|
Batting: LHB Bill Mahoney
|
0-0: SINGLE (Line Drive, 8LS, EV 88.8 MPH) Jorge Balderama to third Runner from 3rd tries for Home, SAFE, throw by CF to home Bill Mahoney to second
|
|
Batting: RHB Eddie Vanderjagt
|
0-0: Ball 1-0: Foul Ball, location: 2F 1-1: Foul Ball, location: 2F 1-2: Foul Ball, location: 2F 1-2: Strikes out swinging
|
|
Batting: RHB Dennis Underwood
|
0-0: Ball 1-0: Fly out, F9 (Flyball, 9LSF, EV 95.6 MPH)
|
|
Batting: LHB Carlos Guajardo
|
0-0: Ball 1-0: Foul Ball, location: 2F 1-1: Ball 2-1: Called Strike 2-2: Ball 3-2: Ground out 5-3 (Groundball, 56, EV 108.1 MPH)
|
| Top of the 4th over - 1 run, 2 hits, 0 errors, 1 left on base; Amarillo 1 - Victoria 1 |
| BOTTOM OF THE 4TH |
|
Victoria Capitals batting - Pitching for Amarillo ThunderHeads : RHP Shane Ford
|
|
Batting: RHB Ron Mack
|
0-0: Called Strike 0-1: Ball 1-1: Ball 2-1: Ball 3-1: Called Strike 3-2: Strikes out swinging
|
|
Batting: LHB Jason Cary
|
0-0: Ball 1-0: Swinging Strike 1-1: Ball 2-1: Ball 3-1: Foul Ball, location: 2F 3-2: Fly out, F8 (Flyball, 78D, EV 97.5 MPH)
|
|
Batting: RHB Hyeon-cheong Lee
|
0-0: Ball 1-0: Called Strike 1-1: Ball 2-1: Ground out 6-3 (Groundball, 6MS, EV 90.0 MPH)
|
| Bottom of the 4th over - 0 runs, 0 hits, 0 errors, 0 left on base; Amarillo 1 - Victoria 1 |
| TOP OF THE 5TH |
|
Amarillo ThunderHeads batting - Pitching for Victoria Capitals : RHP Jae-chun Jung
|
|
Batting: LHB Mike Gruszewski
|
0-0: Swinging Strike 0-1: Ball 1-1: Ball 2-1: Ball 3-1: Called Strike 3-2: Base on Balls
|
|
Batting: RHB Bill Flannery
|
0-0: Fly out, F9 (Flyball, 9S, EV 89.4 MPH)
|
|
Batting: LHB Thie Hofmann
|
0-0: Foul Ball, location: 2F 0-1: Swinging Strike 0-2: Ball 1-2: Ball 2-2: Foul Ball, location: 2F 2-2: Ball 3-2: Foul Ball, location: 2F 3-2: Foul Ball, location: 2F 3-2: Grounds into double play, U6-3 (Groundball, 6M, EV 83.8 MPH)
|
| Top of the 5th over - 0 runs, 0 hits, 0 errors, 0 left on base; Amarillo 1 - Victoria 1 |
| BOTTOM OF THE 5TH |
|
Victoria Capitals batting - Pitching for Amarillo ThunderHeads : RHP Shane Ford
|
|
Batting: RHB Ray Wathey
|
0-0: Fly out, F9 (Flyball, 9LM, EV 96.2 MPH)
|
|
Pitching: RHP Jose Ramirez
|
|
|
Batting: RHB Nick Ellis
|
0-0: Ball 1-0: Called Strike 1-1: Swinging Strike 1-2: Strikes out swinging
|
|
Batting: RHB Antonio Arechiga
|
0-0: Called Strike 0-1: Ball 1-1: Ball 2-1: Ball 3-1: Called Strike 3-2: Strikes out swinging
|
| Bottom of the 5th over - 0 runs, 0 hits, 0 errors, 0 left on base; Amarillo 1 - Victoria 1 |
| TOP OF THE 6TH |
|
Amarillo ThunderHeads batting - Pitching for Victoria Capitals : RHP Jae-chun Jung
|
|
Batting: RHB Shi-fu Cuan
|
0-0: Foul Ball, location: 2F 0-1: Ball 1-1: SINGLE (Groundball, 6D, EV 110.6 MPH)
|
|
Batting: RHB Jorge Balderama
|
0-0: Foul Ball, location: 2F 0-1: Grounds into double play, 1-6-3 (Groundball, 13S, EV 67.5 MPH)
|
|
Batting: LHB Bill Mahoney
|
0-0: Ball 1-0: SINGLE (Groundball, 6MD, EV 105.0 MPH)
|
|
Batting: RHB Eddie Vanderjagt
|
0-0: Ball 1-0: SINGLE (Groundball, 56D, EV 105.6 MPH) Bill Mahoney to second
|
|
Batting: RHB Dennis Underwood
|
0-0: Ball 1-0: Called Strike 1-1: Foul Ball, location: 2F 1-2: Fielders Choice at 2nd, 5-4 (Groundball, 56, EV 78.1 MPH)
|
| Top of the 6th over - 0 runs, 3 hits, 0 errors, 2 left on base; Amarillo 1 - Victoria 1 |
| BOTTOM OF THE 6TH |
|
Victoria Capitals batting - Pitching for Amarillo ThunderHeads : RHP Jose Ramirez
|
|
Batting: RHB Caleb Dean
|
0-0: Foul Ball, location: 2F 0-1: Called Strike 0-2: Ball 1-2: Ball 2-2: Ball 3-2: SOLO HOME RUN (Flyball, 7D, EV 103.8 MPH), Distance : 396 ft
|
|
Batting: LHB Willard Balcome
|
0-0: Called Strike 0-1: Ball 1-1: SOLO HOME RUN (Flyball, 78XD, EV 105.6 MPH), Distance : 429 ft
|
|
Batting: SHB Rich Roberts
|
0-0: Ball 1-0: Called Strike 1-1: Ball 2-1: SOLO HOME RUN (Flyball, 9LD, EV 100.0 MPH), Distance : 373 ft
|
|
Pitching: RHP Trent Murdock
|
|
|
Batting: RHB Ron Mack
|
0-0: Ball 1-0: Called Strike 1-1: Ball 2-1: Ball 3-1: Base on Balls
|
|
Batting: LHB Jason Cary
|
0-0: Ball 1-0: Ball 2-0: Ball 3-0: Called Strike 3-1: Called Strike 3-2: Foul Ball, location: 2F 3-2: Strikes out swinging
|
|
Batting: RHB Hyeon-cheong Lee
|
0-0: Called Strike 0-1: Ball 1-1: SINGLE (Flyball, 8LS, EV 93.1 MPH) Ron Mack to second
|
|
Batting: RHB Ray Wathey
|
0-0: SINGLE (Groundball, 13S, EV 68.1 MPH) (infield hit) Ron Mack to third Hyeon-cheong Lee to second
|
|
Batting: RHB Nick Ellis
|
0-0: Ball 1-0: Ball 2-0: Foul Ball, location: 2F 2-1: Called Strike 2-2: Strikes out swinging
|
|
Batting: RHB Antonio Arechiga
|
0-0: Foul Ball, location: 2F 0-1: Called Strike 0-2: Strikes out swinging
|
| Bottom of the 6th over - 3 runs, 5 hits, 0 errors, 3 left on base; Amarillo 1 - Victoria 4 |
| TOP OF THE 7TH |
|
Amarillo ThunderHeads batting - Pitching for Victoria Capitals : RHP Jae-chun Jung
|
|
Pitching: RHP Joey Mallandaine
|
|
|
Now in LF: Rick Harrison
|
|
|
Batting: LHB Carlos Guajardo
|
0-0: Ball 1-0: Foul Ball, location: 2F 1-1: Foul Ball, location: 2F 1-2: Ball 2-2: Ball 3-2: Fly out, F6 (Popup, 6, EV 72.5 MPH)
|
|
Batting: LHB Mike Gruszewski
|
0-0: Ground out 2-3 (Groundball, 13S, EV 73.8 MPH)
|
|
Batting: RHB Bill Flannery
|
0-0: Foul Ball, location: 2F 0-1: Ball 1-1: Ball 2-1: Ball 3-1: SINGLE (Groundball, 6S, EV 73.1 MPH) (infield hit)
|
|
Batting: LHB Thie Hofmann
|
0-0: Swinging Strike 0-1: Ball 1-1: Foul Ball, location: 2F 1-2: Strikes out swinging
|
| Top of the 7th over - 0 runs, 1 hit, 0 errors, 1 left on base; Amarillo 1 - Victoria 4 |
| BOTTOM OF THE 7TH |
|
Victoria Capitals batting - Pitching for Amarillo ThunderHeads : RHP Trent Murdock
|
|
Batting: RHB Caleb Dean
|
0-0: Called Strike 0-1: Foul Ball, location: 2F 0-2: Ball 1-2: Ball 2-2: Foul Ball, location: 2F 2-2: Ball 3-2: Ground out 4-3 (Groundball, 4, EV 93.8 MPH)
|
|
Batting: LHB Willard Balcome
|
0-0: Foul Ball, location: 2F 0-1: Ball 1-1: Called Strike 1-2: Strikes out swinging
|
|
Batting: SHB Rich Roberts
|
0-0: Ball 1-0: Fly out, F6 (Popup, 6M, EV 63.8 MPH)
|
| Bottom of the 7th over - 0 runs, 0 hits, 0 errors, 0 left on base; Amarillo 1 - Victoria 4 |
| TOP OF THE 8TH |
|
Amarillo ThunderHeads batting - Pitching for Victoria Capitals : RHP Joey Mallandaine
|
|
Now at 1B: Kevin Harris
|
|
|
Now in LF: Mike Jones
|
|
|
Now in RF: Rick Harrison
|
|
|
Batting: RHB Shi-fu Cuan
|
0-0: Called Strike 0-1: Foul Ball, location: 2F 0-2: SOLO HOME RUN (Flyball, 78XD, EV 98.8 MPH), Distance : 407 ft
|
|
Pinch Hitting: RHB Eric Camillo
|
0-0: Ball 1-0: Fly out, F7 (Flyball, 78S, EV 87.5 MPH)
|
|
Batting: LHB Bill Mahoney
|
0-0: Ball 1-0: Fly out, F8 (Flyball, 8RS, EV 85.0 MPH)
|
|
Pinch Hitting: LHB Tony Cisneros
|
0-0: Called Strike 0-1: Ball 1-1: Ball 2-1: Ground out 6-3 (Groundball, 6, EV 88.1 MPH)
|
| Top of the 8th over - 1 run, 1 hit, 0 errors, 0 left on base; Amarillo 2 - Victoria 4 |
| BOTTOM OF THE 8TH |
|
Victoria Capitals batting - Pitching for Amarillo ThunderHeads : RHP Trent Murdock
|
|
Now at 2B: Tony Cisneros
|
|
|
Now at SS: Bill Flannery
|
|
|
Now in LF: Ovidiu Kober
|
|
|
Batting: LHB Yen-ti Zhu
|
0-0: Ball 1-0: Called Strike 1-1: Foul Ball, location: 2F 1-2: Ball 2-2: Ball 3-2: Fly out, F7 (Flyball, 7, EV 91.9 MPH)
|
|
Batting: LHB Mike Jones
|
0-0: Called Strike 0-1: Ground out 4-3 (Groundball, 34, EV 105.6 MPH)
|
|
Batting: LHB Rick Harrison
|
0-0: Ball 1-0: Ground out 4-3 (Groundball, 4, EV 101.9 MPH)
|
| Bottom of the 8th over - 0 runs, 0 hits, 0 errors, 0 left on base; Amarillo 2 - Victoria 4 |
| TOP OF THE 9TH |
|
Amarillo ThunderHeads batting - Pitching for Victoria Capitals : RHP Joey Mallandaine
|
|
Pinch Hitting: RHB Ray Travis
|
0-0: Ball 1-0: Ground out 5-3 (Groundball, 56, EV 86.9 MPH)
|
|
Batting: LHB Carlos Guajardo
|
0-0: Called Strike 0-1: Called Strike 0-2: Ball 1-2: Foul Ball, location: 2F 1-2: Ball 2-2: Ground out 1-3 (Groundball, 34S, EV 67.5 MPH)
|
|
Batting: LHB Mike Gruszewski
|
0-0: Called Strike 0-1: Called Strike 0-2: Ball 1-2: Foul Ball, location: 2F 1-2: Foul Ball, location: 2F 1-2: Ball 2-2: Ball 3-2: Strikes out swinging
|
| Top of the 9th over - 0 runs, 0 hits, 0 errors, 0 left on base; Amarillo 2 - Victoria 4 |
|